 Dungeon Crawl Stone Soup version 0.32-a0-519-g08f29ac1c3 (webtiles) character file.

Game seed: 8373629966487530622

44 inmateoo the Chopper (level 3, -2/28 HPs)
             Began as a Coglin Gladiator on Feb 27, 2024.
             Killed from afar by an orc wizard (7 damage)
             ... with a puff of flame
             ... on level 2 of the Dungeon.
             The game lasted 00:00:50 (699 turns).

inmateoo the Chopper (Coglin Gladiator)              Turns: 699, Time: 00:00:51

Health: -2/28      AC:  9    Str: 16    XL:     3   Next: 62%
Magic:  3/3        EV:  8    Int:  7    God:
Gold:   66         SH:  0    Dex: 15    Spells: 2/2 levels left

rFire   . . .        a - +0 war axe {Xiuying}
rCold   . . .        (no shield)
rNeg    . . .        n - +0 chain mail
rPois   .            c - +0 helmet
rElec   .            (no cloak)
rCorr   .            (no gloves)
SInv    .            (no boots)
Will    .....        (no amulet) Stlth
                     (ring unavailable)
HPRegen 0.24/turn    (ring unavailable)
MPRegen 0.08/turn

%: no passive effects
@: confused
A: off-hand wielding, slow wielding, warmup strikes, no rings
a: no special abilities


You were on level 2 of the Dungeon.
You visited 1 branch of the dungeon, and saw 2 of its levels.

You collected 66 gold pieces.

Inventory:

Hand Weapons
 a - a +0 war axe (weapon) {Xiuying}
Missiles
 d - 3 throwing nets (quivered)
 e - a javelin
Armour
 c - a +0 helmet (worn)
 n - a +0 chain mail (worn)
Talismans
 m - a granite talisman
Scrolls
 j - a scroll of identify {unknown}
 k - a scroll of vulnerability {unknown}
Potions
 f - a potion of ambrosia {unknown}
 g - a potion of mutation {unknown}
 h - a potion of degeneration {unknown}
 i - a potion of enlightenment {unknown}
 l - 2 potions of berserk rage {unknown}


   Skills:
 + Level 2.4 Fighting
 * Level 3.6 Axes
 - Level 1.7 Throwing
 + Level 1.0 Armour
 + Level 3.0 Dodging
 * Level 0.1 Shapeshifting


You had 2 spell levels left.
You didn't know any spells.
Your spell library contained the following spells:

 Spells                   Type           Power      Damage    Failure   Level
 Ensorcelled Hibernation  Hex/Ice        0%         N/A       100%        2
 Fugue of the Fallen      Necr           0%         N/A       100%        3
 Anguish                  Hex/Necr       0%         N/A       100%        4


Dungeon Overview and Level Annotations

Branches:
Dungeon (2/15)

Altars:


Innate Abilities, Weirdness & Mutations

You can wield a second weapon in your off-hand.
It takes a long time for you to wield or remove held weapons.
Your first few attacks do less damage.
Your grasper-arms cannot wear rings.


Message History

The orc is heavily wounded.
The orc hits you with a +0 hand axe. x2
* * * LOW HITPOINT WARNING * * *
You hit the orc but do no damage.
The orc is heavily wounded.
The orc hits you but does no damage.
You hit the orc but do no damage.
The orc is heavily wounded.
You miss something. The orc hits you but does no damage.
Something hits you but does no damage.
The orc throws a boomerang.
The boomerang hits you.
* * * LOW HITPOINT WARNING * * *
The orc throws a boomerang.
The boomerang hits you but does no damage.
Something hits you but does no damage.
You hear some strange, mumbled words.
You are confused.
You bump into the rock wall.
You hear some strange, mumbled words.
A puff of flame appears from out of thin air!
The puff of flame is repelled.
The orc throws a boomerang.
You bump into the rock wall.
The orc throws a boomerang.
The boomerang hits you.
* * * LOW HITPOINT WARNING * * *
You feel less confused.
It was a potion of curing.
You feel better. Something hits you but does no damage.
The orc throws a boomerang.
You hear some strange, mumbled words.
You are confused.
The orc throws a boomerang.
The boomerang hits you.
* * * LOW HITPOINT WARNING * * *
There is a stone staircase leading up here.
The orc throws a boomerang.
The boomerang hits you but does no damage.
In your confused state, you trip and fall back down the stairs.
* * * LOW HITPOINT WARNING * * *
You hear some strange, mumbled words.
A puff of flame appears from out of thin air!
The puff of flame hits you!
You die...

#..................... .
#........(............
#.
#.............))......
#.##..............#
#.....[...........#
#...†.....###.##..####.
#....†...###.o..........
#........{....#.#.######
#.......@###.##...#
#........# #.##..##
#........# #.#...#
#........# #.#..##
#####.#### #.#..# #.
#...## #. #.. #..


You could see an orc.

Vanquished Creatures
  Natasha (D:2)
  2 orcs (D:2)
  A bat (D:1)
  An endoplasm (D:2)
  A goblin (D:1)
  2 hobgoblins (D:1)
  4 jackals (D:2)
  2 kobolds (D:2)
  2 frilled lizards (D:1)
  2 rats (D:1)
18 creatures vanquished.

Notes
Turn   | Place    | Note
-------+----------+-------------------------------------------
     0 | D:1      | inmateoo the Coglin Gladiator began the quest for the Orb.
     0 | D:1      | Reached XP level 1. HP: 16/16 MP: 1/1
     7 | D:1      | Noticed a black mamba
     7 | D:1      | Noticed a crocodile
     8 | D:1      | Noticed a hound
     8 | D:1      | Noticed a polar bear
   314 | D:1      | Reached XP level 2. HP: 22/22 MP: 2/2
   603 | D:2      | Noticed Natasha
   616 | D:2      | Killed Natasha
   617 | D:2      | Reached skill level 1 in Armour
   617 | D:2      | Reached XP level 3. HP: 19/28 MP: 3/3
   692 | D:2      | HP: 1/28 [orc/boomerang (4)]
   699 | D:2      | Killed from afar by an orc wizard

Illustrated notes

Levels and vault maps discovered:
D:1:      onia_arrival_zoo_common, layout_basic
D:2:      layout_rooms, basic_altar, shapermc_ecumenical_altar_pompeii,
          nicolae_elevator_lobby_plus, uniq_natasha

Skill      XL: |  1  2 |
---------------+-------+-----
Armour         | 1 |  1.0
Dodging        | 3 |  3.0
Fighting       | |  2.4
Axes           | |  3.6
Throwing       | |  1.7
Shapeshifting  | |  0.1

Action                     || total
---------------------------++-------
  Melee: War axe           ||    61
    Use: Potion            ||     1
 Armour: Leather armour    ||    12
         Ring mail         ||     2
         Chain mail        ||    62
  Dodge: Dodged            ||    35
         Repelled          ||     1

Table legend: (Time is in decaauts)
 A = Elapsed time spent in this place.
 B = Non-inter-level travel time spent in this place.
 C = Inter-level travel time spent in this place.
 D = Time resting spent in this place.
 E = Time spent auto-exploring this place.
 F = Levels seen in this place.
 G = Mean time per level.
                   A        B        C        D        E       F      G
               +--------+--------+--------+--------+--------+-----+--------+
         Total |    718 |    662 |     56 |     97 |    397 |   2 |  359.0 |
       Dungeon |    718 |    662 |     56 |     97 |    397 |   2 |  359.0 |
               +--------+--------+--------+--------+--------+-----+--------+

Top non-repeatable levels by time:
     D:1: 601 daAuts
     D:2: 117 daAuts
